 Dungeon Crawl Stone Soup version 0.27-a0-909-g0721f309d1 (webtiles) character file.

Game seed: 5842630572114505907

31 IdlyInterested the Sneak (level 2, -3/20 HPs)
             Began as a Demigod Enchanter on Apr 8, 2021.
             Slain by a bullfrog zombie (6 damage)
             ... on level 2 of the Dungeon.
             The game lasted 00:05:14 (2491 turns).

IdlyInterested the Sneak (Demigod Enchanter)        Turns: 2491, Time: 00:05:15

Health: -3/20      AC:  2    Str:  9    XL:     2   Next: 90%
Magic:  16/16      EV: 12    Int: 17    God:
Gold:   59         SH:  0    Dex: 14    Spells: 3/4 levels left

rFire    . . .     SeeInvis .   a - +1 dagger
rCold    . . .     Faith    .   (no shield)
rNeg     . . .     Spirit   .   b - +0 robe
rPois    .         Reflect  .   (no helmet)
rElec    .         Harm     .   (no cloak)
rCorr    .         Rampage  .   (no gloves)
Will     .....                  (no boots)
Stlth    ++........             (no amulet)
HPRegen  0.06/turn              j - ring of magical power
MPRegen  0.15/turn              (no ring)

@: no status effects
A: high mp 1, forlorn
a: no special abilities


You were on level 2 of the Dungeon.
You visited 1 branch of the dungeon, and saw 2 of its levels.

You collected 59 gold pieces.

Inventory:

Hand Weapons
 a - a +1 dagger (weapon)
 g - a +0 short sword
Missiles
 e - 97 stones (quivered)
Armour
 b - a +0 robe (worn)
 d - a +0 buckler
Jewellery
 j - a ring of magical power (left hand)
Scrolls
 f - a scroll of summoning
Potions
 c - a potion of magic


   Skills:
 + Level 0.2 Fighting
 + Level 1.3 Short Blades
 + Level 2.0 Dodging
 + Level 3.0 Stealth
 * Level 0.6 Unarmed Combat
 + Level 1.8 Spellcasting
 * Level 3.0 Hexes


You had 3 spell levels left.
You knew the following spells:

 Your Spells              Type           Power      Damage    Failure   Level
a - Corona                Hex            12%        N/A       6%          1

Your spell library contained the following spells:

 Spells                   Type           Power      Damage    Failure   Level
 Ensorcelled Hibernation  Hex/Ice        12%        N/A       16%         2
 Confusing Touch          Hex            11%        N/A       17%         3
 Tukima's Dance           Hex            11%        N/A       17%         3
 Dazzling Flash           Conj/Hex       12%        N/A       32%         3
 Gell's Gravitas          Tloc           0%         N/A       52%         3
 Petrify                  Tmut/Erth      1%         N/A       89%         4
 Metabolic Englaciation   Hex/Ice        3%         N/A       96%         5
 Yara's Violent Unravell  Hex/Tmut       3%         3d4       96%         5


Dungeon Overview and Level Annotations

Branches:
Dungeon (2/15)


Innate Abilities, Weirdness & Mutations

Your attributes grow dramatically as you level up.
You have an increased reservoir of magic. (+10% MP)
You shall have no god before yourself.


Message History

Press: ? - help, Q - select action, (/) - cycle Shift-Dir - straight line, f - bat
Aim: a bat (42% to hit)
You throw a stone. The stone closely misses the bat.
The bat completely misses you.
You hit the bat but do no damage. The bat hits you.
Throw: 101 stones
Press: ? - help, Q - select action, (/) - cycle Shift-Dir - straight line, f/p - bat
Aim: a bat (42% to hit)
You throw a stone. The stone closely misses the bat.
The bat hits you but does no damage.
You completely miss the bat. The bat closely misses you.
You hit the bat.
You kill the bat!
You start resting.
A bullfrog zombie comes into view.
Throw: 100 stones
Press: ? - help, Q - select action, (/) - cycle Shift-Dir - straight line, f - bullfrog zombie
Aim: a bullfrog zombie (wandering, hasn't noticed you, 69% to hit)
You throw a stone. The stone hits the bullfrog zombie.
The bullfrog zombie is lightly damaged.
Throw: 99 stones
Press: ? - help, Q - select action, (/) - cycle Shift-Dir - straight line, f/p - bullfrog zombie
Aim: a bullfrog zombie (lightly damaged, 69% to hit)
You throw a stone. The stone hits the bullfrog zombie.
The bullfrog zombie is lightly damaged.
Throw: 98 stones
Press: ? - help, Q - select action, (/) - cycle Shift-Dir - straight line, f/p - bullfrog zombie
Aim: a bullfrog zombie (lightly damaged, 69% to hit)
You throw a stone. The stone hits the bullfrog zombie.
The bullfrog zombie is lightly damaged.
The bullfrog zombie hits you.
You hit the bullfrog zombie but do no damage.
The bullfrog zombie is lightly damaged.
The bullfrog zombie hits you.
You hit the bullfrog zombie.
The bullfrog zombie is lightly damaged.
The bullfrog zombie hits you.
* * * LOW HITPOINT WARNING * * *
The bullfrog zombie hits you.
You die...

#. #. #. #.
###.####
......#
#(###†##.#####
#.<((.Z@..<..#
#......##.....#
###.#..####.#.#
# #(......#.###
..#...)........
#.#..##########
#... ##.. #


You could see a bullfrog zombie.

Vanquished Creatures
  A gnoll (D:1)
  A dart slug (D:1)
  A bat (D:2)
  3 endoplasms
  2 hobgoblins (D:1)
  4 kobolds
  A quokka (D:1)
  4 ball pythons (D:1)
  A rat (D:1)
18 creatures vanquished.

Vanquished Creatures (others)
  A fungus (D:1)
  5 plants (D:1)
6 creatures vanquished.

Grand Total: 24 creatures vanquished

Notes
Turn   | Place    | Note
-------+----------+-------------------------------------------
     0 | D:1      | IdlyInterested the Demigod Enchanter began the quest for
                  | the Orb.
     0 | D:1      | Reached XP level 1. HP: 14/14 MP: 5/5
  1225 | D:1      | Reached XP level 2. HP: 12/20 MP: 7/7
  1437 | D:1      | Reached skill level 1 in Short Blades
  2491 | D:2      | Slain by a bullfrog zombie

Illustrated notes

Levels and vault maps discovered:
D:1:      wheals_arrival_shading, layout_basic, serial_co_window_serial,
          co_window_corner_a, co_window_corner_a, co_window_corner_a,
          co_window_corner_a, co_window_corner_a, co_window_of_opportunity_b,
          co_window_2corner, co_window_broadway_a, co_window_of_opportunity_b,
          co_window_unsneaky_path_d, co_window_broadway_a, co_window_4corner_a,
          glass_columns_a, shapermc_ecumenical_altar_gd, corner_web_ring
D:2:      layout_basic, serial_forest, infiniplex_forest_clump_small,
          infiniplex_forest_lined_3, infiniplex_forest_lined_2,
          infiniplex_forest_straight_2, infiniplex_forest_join,
          infiniplex_forest_lined_room_2, uniq_robin, uniq_sigmund, uniq_terence

Skill      XL: |  1  2 |
---------------+-------+-----
Stealth        | 3 |  3.0
Short Blades   | 1 |  1.3
Dodging        | 2 |  2.0
Hexes          | 3 |  3.0
Fighting       | |  0.2
Unarmed Combat | |  0.6
Spellcasting   | |  1.8

Action                   || total
-------------------------++-------
Melee: Dagger            ||   113
Throw: Stone             ||     7
 Cast: Corona            ||     4
  Use: Potion            ||     3
       Scroll            ||     2
 Stab: Sleeping          ||     1
Armor: Robe              ||     8
Dodge: Dodged            ||    71

Table legend: (Time is in decaauts)
 A = Elapsed time spent in this place.
 B = Non-inter-level travel time spent in this place.
 C = Inter-level travel time spent in this place.
 D = Time resting spent in this place.
 E = Time spent auto-exploring this place.
 F = Levels seen in this place.
 G = Mean time per level.
                   A        B        C        D        E       F      G
               +--------+--------+--------+--------+--------+-----+--------+
         Total |   2485 |   2380 |    105 |   1256 |    827 |   2 | 1242.5 |
       Dungeon |   2485 |   2380 |    105 |   1256 |    827 |   2 | 1242.5 |
               +--------+--------+--------+--------+--------+-----+--------+

Top non-repeatable levels by time:
     D:1: 2358 daAuts
     D:2: 126 daAuts
